Get step-by-step instructions on how to execute this build order below. Start the game timer, and the build order will tick by so you can play in parallel with StarCraft on a second screen or mobile device.

Game Time

  0:00

Last Step

  N/A

Next Step

Upcoming Step



Don't want to look back and forth between 2 screens? Try out our Overwolf App, the Spawning Tool Build Advisor to get an in-game overlay with this build!

Complete Build Order

  12  0:00  SCV  
  13  0:12  SCV  
  14  0:17  Supply Depot  
  14  0:24  SCV  
  15  0:39  SCV, Barracks  
  16  0:44  Refinery  
  16  0:51  SCV  
  17  1:03  SCV  
  18  1:15  SCV  
  19  1:27  Orbital Command  
  19  1:47  Command Center  
  19  1:52  Factory  
  19  1:55  SCV  
  20  2:07  Refinery, SCV  
  21  2:12  Supply Depot  
  21  2:19  SCV  
  21  2:20  Marine  
  23  2:33  SCV  
  23  2:36  Cyclone  
  26  2:37  Starport  
  26  2:41  Marine  
  27  2:46  SCV  
  28  2:58  SCV  
  28  3:03  Barracks Reactor  
  28  3:04  Orbital Command  
  29  3:09  Factory Tech Lab  
  29  3:12  SCV  
  30  3:16  Viking  
  32  3:25  SCV  
  33  3:29  Siege Tank  
  33  3:31  SCV  
  37  3:40  Orbital Command  
  37  3:57  SCV  
  37  4:01  Siege Tank  
  41  4:04  Refinery  
  41  4:05  Refinery  
  41  4:06  Command Center  
  41  4:07  Viking  
  40  4:29  SCV  
  40  4:35  Command Center  
  40  4:45  Viking x2  
  40  4:49  Orbital Command  
  42  4:59  SCV  
  43  5:01  Siege Tank  
  46  5:17  SCV  
  46  5:19  SCV  
  48  5:27  Orbital Command  
  48  5:32  SCV x2  
  50  5:36  Refinery  
  50  5:38  Refinery  
  50  5:44  SCV  
  50  5:45  SCV  
  52  5:58  SCV x2  
  52  5:59  Siege Tank  
  52  6:01  Orbital Command  
  57  6:07  Viking  
  57  6:10  SCV x2  
  61  6:12  Viking  
  63  6:22  SCV  
  63  6:23  SCV  
  65  6:31  Siege Tank  
  68  6:33  SCV  
  68  6:34  SCV  
  68  6:35  SCV  
  68  6:38  Viking  
  73  6:42  Viking  
  73  6:44  Orbital Command  
  73  6:45  SCV  
  73  6:46  SCV, Factory  
  77  6:47  SCV  
  77  6:48  Factory  
  78  6:57  SCV  
  79  7:08  Viking  
  81  7:10  SCV x3  
  84  7:27  SCV x3, Supply Depot, Viking  
  84  7:28  Supply Depot x2  
  89  7:30  SCV  
  89  7:36  Engineering Bay  
  89  7:37  Factory Tech Lab x2  
  90  7:39  SCV x2  
  92  7:44  Armory  
  92  7:45  Refinery  
  92  7:46  Refinery  
  92  7:49  SCV x2  
  94  7:51  SCV  
  94  7:52  Siege Tank  
  94  8:01  SCV x2  
  94  8:03  SCV  
  84  8:11  Siege Tank x2  
  80  8:13  SCV x2  
  80  8:15  SCV  
  80  8:18  SCV  
  84  8:24  Siege Tank  
  84  8:25  SCV  
  84  8:26  SCV  
  89  8:27  SCV  
  89  8:29  Viking x2  
  89  8:30  SCV  
  89  8:33  Terran Vehicle Weapons Level 1  
  95  8:37  SCV  
  95  8:38  SCV  
  95  8:40  SCV  
  98  8:42  SCV  
  98  8:43  Siege Tank  
  102  8:49  SCV  
  102  8:50  Siege Tank, SCV  
  102  8:54  Armory  
  102  8:55  SCV x2  
  109  8:56  Siege Tank  
  109  9:01  SCV  
  109  9:02  SCV  
  114  9:07  SCV x2  
  114  9:08  Factory  
  116  9:20  SCV x4  
  116  9:23  Command Center  
  120  9:25  Command Center  
  120  9:27  Viking x2  
  124  9:41  SCV x4, Siege Tank  
  124  9:43  Supply Depot  
  124  9:44  Supply Depot  
  131  9:46  Supply Depot, Infernal Pre-Igniter, Terran Vehicle And Ship Armor Level 1  
  131  9:48  Supply Depot  
  131  9:51  Factory Reactor  
  131  9:53  SCV  
  132  10:05  SCV x2, Siege Tank x2  
  132  10:06  SCV, Viking x2  
  145  10:10  Command Center  
  145  10:12  Command Center  
  145  10:20  Missile Turret  
  148  10:21  Siege Tank  
  148  10:28  Orbital Command  
  142  10:35  Supply Depot  
  142  10:37  Siege Tank  
  142  10:38  Siege Tank, SCV x2  
  137  10:49  Orbital Command, Liberator x2  
  134  10:50  SCV x2  
  134  10:53  Siege Tank  
  124  11:01  SCV  
  124  11:02  SCV  
  124  11:09  Siege Tank  
  119  11:30  Siege Tank  
  119  11:32  Viking x2  
  126  11:36  SCV  
  126  11:37  SCV x3  
  130  11:43  Missile Turret  
  130  11:49  Missile Turret  
  130  12:00  Refinery x2, Planetary Fortress  
  130  12:08  Siege Tank x2  
  136  12:16  Refinery  
  136  12:21  SCV x4  
  140  12:22  Missile Turret  
  140  12:23  Missile Turret  
  140  12:25  Missile Turret  
  140  12:27  Planetary Fortress, Sensor Tower  
  140  12:33  SCV x2  
  140  12:35  Command Center  
  142  12:45  Siege Tank x3  
  142  12:46  Command Center  
  142  12:47  Hellion x2, Command Center  
  155  12:55  SCV x3  
  158  13:08  Terran Vehicle Weapons Level 2  
  158  13:11  Hellion x2  
  158  13:12  Terran Vehicle And Ship Armor Level 2  
  162  13:16  SCV x2  
  162  13:17  SCV, Siege Tank  
  162  13:18  Hellion x2  
  172  13:22  Command Center  
  172  13:29  Viking  
  172  13:30  Viking  
  172  13:33  Hellion  
  176  13:47  Siege Tank x2  
  172  13:48  SCV, Hellion  
  172  13:49  SCV, Siege Tank  
  172  13:54  Hellion  
  168  13:59  Liberator x2  
  169  14:10  SCV x3  
  172  14:19  Siege Tank x2  
  172  14:21  Siege Tank  
  172  14:23  Refinery  
  172  14:24  Refinery, Hellion x2  
  185  14:34  SCV x2  
  185  14:35  SCV x2  
  189  14:45  Hellion, Command Center  
  191  14:46  Unknown  
  191  14:51  Siege Tank x2  
  197  14:52  Smart Servos  
  197  14:55  Neosteel Armor  
  197  15:09  SCV x2  
  197  15:12  Factory  
  197  15:13  Factory  
  199  15:14  Factory  
  199  15:15  Planetary Fortress  
  199  15:20  SCV  
  200  15:44  Missile Turret  
  200  15:45  Missile Turret  
  200  15:47  Missile Turret x2  
  196  16:09  Missile Turret  
  196  16:10  Missile Turret  
  196  16:11  Siege Tank x2  
  200  16:12  Missile Turret  
  192  16:22  SCV x3  
  192  16:25  Viking x2  
  178  16:26  SCV x3  
  168  16:34  Siege Tank  
  168  16:35  Hellion  
  168  16:36  Hellion  
  168  16:37  Factory Tech Lab x3  
  171  16:40  Terran Vehicle And Ship Armor Level 3, Terran Vehicle Weapons Level 3  
  171  16:43  Siege Tank  
  171  16:44  Planetary Fortress  
  172  16:47  SCV x2  
  172  16:48  SCV, Command Center  
  175  16:55  Missile Turret, Viking x2  
  175  17:00  Thor x3  
  197  17:07  Planetary Fortress  
  197  17:12  Command Center  
  197  17:13  Command Center  
  197  17:24  Viking  
  197  17:26  Planetary Fortress  
  193  17:32  Missile Turret  
  193  17:34  Siege Tank x2  
  199  17:41  Refinery  
  199  17:50  SCV  
  200  17:54  Command Center  
  197  17:58  Command Center  
  197  18:03  Siege Tank  
  194  18:08  Drilling Claws  
  172  18:16  Refinery  
  172  18:21  Planetary Fortress  
  172  18:26  Thor x4  
  196  18:31  Command Center  
  196  18:36  Command Center  
  196  18:39  Command Center  
  196  19:00  Siege Tank x2  
  182  19:12  Siege Tank x3, Thor  
  167  19:25  Command Center  
  167  19:27  Command Center  
  167  19:32  Thor x2  
  167  19:35  Planetary Fortress  
  179  19:39  Missile Turret  
  179  19:41  Terran Ship Weapons Level 1  
  179  19:42  Viking x2  
  179  19:44  Siege Tank x3, Refinery  
  192  19:45  Refinery  
  192  19:51  Command Center  
  192  19:55  Siege Tank  
  174  20:24  Siege Tank x3, Thor x2  
  174  20:26  Hellion x2  
  174  20:27  Thor, Viking  
  180  20:44  Starport  
  180  20:48  Hellion x2  
  184  20:56  Siege Tank x2, Thor  
  196  21:06  Planetary Fortress  
  196  21:07  Siege Tank  
  196  21:08  Siege Tank  
  190  21:22  Missile Turret, Planetary Fortress  
  190  21:24  Missile Turret  
  189  21:29  SCV  
  182  21:36  Command Center  
  182  21:38  Thor x3  
  182  21:39  Terran Ship Weapons Level 2  
  189  21:54  Thor  
  192  22:03  SCV x2  
  192  22:04  SCV  
  168  22:11  Planetary Fortress  
  168  22:18  Thor x2  
  168  22:20  Thor  
  168  22:21  Thor  
  191  22:24  Starport  
  191  22:26  Starport  
  187  22:30  Fusion Core  
  160  23:00  Siege Tank  
  160  23:01  Siege Tank x2, Hellion x2  
  160  23:02  Hellion  
  163  23:37  Starport Tech Lab x2, Weapon Refit  
  163  23:40  Starport Tech Lab  
  154  23:50  Thor x3  
  169  24:11  Battlecruiser x3  
  187  24:34  Hellion x2  
  191  24:40  Missile Turret x3  
  191  24:42  Missile Turret  
  191  25:00  Unknown  
  179  25:15  Battlecruiser x3  
  185  26:19  Battlecruiser x2  
  185  26:20  Terran Ship Weapons Level 3  
  197  26:35  Battlecruiser  
  197  26:57  Missile Turret  
  197  27:08  Command Center  
  197  27:16  Missile Turret  
  197  27:36  Missile Turret  
  191  29:15  Refinery x2